 Dungeon Crawl Stone Soup version 0.23.2-1-ga50397a (webtiles) character file.

Game seed: 1920507306023235983

74 stonz the Ruffian (level 4, -5/44 HPs)
             Began as a Troll Berserker on Apr 19, 2019.
             Was a Believer of Trog.
             Killed by divine providence
             ... invoked by an orc priest
              (14 damage)
             ... on level 3 of the Dungeon.
             The game lasted 00:33:59 (2960 turns).

stonz the Ruffian (Troll Berserker)                 Turns: 2960, Time: 00:33:59

Health: -5/44      AC:  6    Str: 25    XL:     4   Next: 10%
Magic:  3/3        EV:  8    Int:  4    God:    Trog [**....]
Gold:   142        SH:  7    Dex:  9    Spells: 3/3 levels left

rFire    . . .     SeeInvis .   k - +0 long sword
rCold    . . .     Gourm    +   n - +0 shield
rNeg     . . .     Faith    .   a - +0 animal skin
rPois    .         Spirit   .   (helmet restricted)
rElec    .         Reflect  .   (no cloak)
rCorr    .         Harm     .   (gloves unavailable)
MR       .....                  (boots unavailable)
Stlth    +.........             (no amulet)
HPRegen  0.54/turn              f - ring of wizardry
MPRegen  0.08/turn              (no ring)

@: very slightly contaminated
A: large, unfitting armour, claws 3, fast metabolism 3, gourmand, regeneration
1, shaggy fur 1, tough skin 3
a: Berserk, Trog's Hand, Renounce Religion


You were on level 3 of the Dungeon.
You worshipped Trog.
Trog was pleased with you.
You were full.

You visited 1 branch of the dungeon, and saw 3 of its levels.

You collected 142 gold pieces.

Inventory:

Hand Weapons
 e - a +0 hunting sling
 k - a +0 long sword (weapon)
Missiles
 d - 57 stones (quivered)
Armour
 a - a +0 animal skin (worn)
 n - a +0 shield (worn)
Jewellery
 f - a ring of wizardry (left claw)
 h - an uncursed ring of wizardry
 j - an uncursed ring of ice
Scrolls
 i - a scroll of blinking
Potions
 c - 3 potions of brilliance {unknown}
 g - a potion of curing {unknown}
 l - a potion of flight {unknown}
 m - a potion of cancellation {unknown}
Comestibles
 b - 2 rations


   Skills:
 + Level 2.8 Fighting
 + Level 0.6 Long Blades
 + Level 0.1(0.2) Slings
 + Level 0.5 Throwing
 + Level 3.1 Dodging
 + Level 0.6 Shields
 + Level 3.3 Unarmed Combat


You had 3 spell levels left.
You didn't know any spells.
Your spell library was empty.

Dungeon Overview and Level Annotations

Branches:
Dungeon (3/15)

Altars:
Cheibriados
Elyvilon
Okawaru
Trog


Innate Abilities, Weirdness & Mutations

You are too large for most types of armour.
You have claws for hands.
Your metabolism is lightning-fast.
You like to eat raw meat.
Your natural rate of healing is unusually fast.
You are covered in fur. (AC +1)
You have extremely tough skin. (AC +3)


Message History

The orc hits you from afar with a +0 trident!
* * * LOW HITPOINT WARNING * * *
You closely miss the bat. The bat hits you but does no damage.
The orc closely misses you.
You riposte.
You barely miss the orc.
The orc priest hits you with a +0 flail.
* * * LOW HITPOINT WARNING * * *
The orc hits you from afar with a +0 trident.
* * * LOW HITPOINT WARNING * * *
The orc hits you with a cursed -2 club.
* * * LOW HITPOINT WARNING * * *
Blink to where?
Press: ? - help, Dir - move target cursor You are very lightly contaminated with residual magic.
As you read the scroll of blinking, it crumbles to dust.
The bat hits you but does no damage. The bat barely misses you.
You closely miss the bat. The bat hits you but does no damage.
The orc priest invokes the aid of Beogh against you.
Beogh smites you!
You die...

###...............##
...................####
..#(###...............#
#.##.....######....##.#
...#####.# #.#.#.....
....## #)## #.#.#.#.. .
.....###..# ##.#...# ..
._.....##.####..###.#...
.....#..†.....#.@##.....
....##.##)##.###.b..#.#
.(.##.........#..####.##
#.###..................#
....#...............#..#
##............o..##.#
#### ## ..#.........#..#
.# ...###.#
.##.........#.o# #
##..#.##
.##.........#..#
#....###


You could see an orc priest, an orc and a bat.

Vanquished Creatures
  An ooze (D:3)
  2 worms
  2 dart slugs (D:2)
  2 leopard geckos
  4 orcs (D:3)
  A ball python (D:2)
  5 bats
  4 giant cockroaches
  9 goblins
  4 hobgoblins
  2 jackals
  5 kobolds
  3 quokkas
  5 frilled lizards
  4 rats
53 creatures vanquished.

Notes
Turn   | Place    | Note
-------+----------+-------------------------------------------
     0 | D:1      | stonz the Troll Berserker began the quest for the Orb.
     0 | D:1      | Reached XP level 1. HP: 22/22 MP: 0/0
   355 | D:1      | Reached XP level 2. HP: 29/29 MP: 1/1
  1395 | D:2      | Found a white marble altar of Elyvilon.
  1603 | D:2      | Reached XP level 3. HP: 35/36 MP: 2/2
  1734 | D:2      | Found a snail-covered altar of Cheibriados.
  2685 | D:3      | Reached ** piety under Trog
  2702 | D:3      | Found an iron altar of Okawaru.
  2850 | D:3      | Found a bloodstained altar of Trog.
  2891 | D:3      | Reached XP level 4. HP: 40/44 MP: 3/3
  2960 | D:3      | Killed from afar by an orc priest

Skill      XL: |  1  2  3 |
---------------+----------+-----
Dodging        | 3 |  3.1
Fighting       | |  2.8
Long Blades    | |  0.6
Slings         | |  0.1
Throwing       | |  0.5
Shields        | |  0.6
Unarmed Combat | |  3.3

Action                   |  1- 3 |  4- 6 || total
-------------------------+-------+-------++-------
Melee: Unarmed           |    36 |       ||    36
       Punch             |     1 |       ||     1
       Long sword        |    93 |    21 ||   114
 Fire: Hunting sling     |    10 |       ||    10
Throw: Stone             |    49 |       ||    49
  Use: Scroll            |     5 |     1 ||     6
  Eat: Chunk             |     3 |       ||     3
       Ration            |     6 |     2 ||     8
Armor: Animal skin       |    63 |     8 ||    71
Dodge: Dodged            |    77 |    12 ||    89
Block: Shield            |    39 |    20 ||    59
       Rpst.: Long sword |    16 |     1 ||    17
